woodfighter, neutral female scurrid Tourist ------ |....| |d...| |f)O.O |....| ------ woodfighter the Peregrinatrix Experience level: 11 Strength: 14 Dexterity: 13 Constitution: 14 Intelligence: 14 Wisdom: 11 Charisma: 13 Health: 0(63) Energy: 46(46) Def: 2 Gold: 45 Moves: 10509 Dungeon seed: X3bOtprNmAY2A-pW Game ID: woodfighter_1523653008 Your Inventory: Coins $ - 45 gold pieces Weapons a - 22 +2 darts (in quiver) V - a blessed +7 elven dagger named Righteous Dagger (weapon in paw) Armor h - a cursed -3 pair of fumble boots (being worn) Comestibles b - 5 uncursed food rations l - an uncursed lichen corpse r - an uncursed lembas wafer u - 2 uncursed tripe rations B - an uncursed apple R - an uncursed egg Potions v - a blessed potion of see invisible H - an uncursed potion of restore ability S - a blessed potion of acid Rings p - an uncursed +4 ring of protection (on left paw) K - an uncursed ring of invisibility (on right paw) Wands d - a blessed wand of digging (0:7) f - a wand of sleep (0:4) g - a wand of fire (0:5) T - a wand of sleep (0:8) Tools s - an uncursed bag of holding y - an uncursed skeleton key D - an uncursed magic lamp I - an uncursed towel M - an uncursed bag of holding Gems n - an uncursed luckstone Contents of the bag of holding: 1119 gold pieces 8 +1 darts 9 +0 darts an uncursed [+0] dwarvish mithril-coat an uncursed [+0] dwarvish mithril-coat an uncursed [+0] mummy wrapping an uncursed +0 pair of high boots an uncursed eucalyptus leaf an uncursed sprig of wolfsbane a [blessed] scroll of blank paper a [uncursed] scroll of blank paper a [uncursed] scroll of enchant armor a [uncursed] scroll of genocide an uncursed scroll of scare monster a cursed potion of blindness a [cursed] potion of gain energy an uncursed potion of healing a [blessed] potion of oil a blessed potion of sleeping an uncursed potion of sleeping a [cursed] [-2] ring of stealth 7 [uncursed] wax candles [0:400] Spells and supernatural/magical abilities: Name Level Category Fail Memory W - pray for help -- divine ? -- Your skills at the end: Miscellaneous Skills wands [Basic] Weapon Skills dart [Expert] Spellcasting Skills Final Attributes: You were devoutly aligned. You were poison resistant. You fumbled. Your writing paw was ok. You were telepathic. You had automatic searching. You had infravision. You were invisible. You were very stealthy. You were protected. You were lucky. You had extra luck. Bad luck did not time out for you. Good luck did not time out for you. You are dead. Vanquished creatures: a baby silver dragon a clay golem 2 giant mimics a large mimic a hill giant a small mimic an ogre lord a sasquatch a pyrolisk a large dog a flaming sphere a tengu an ochre jelly a python a cobra a succubus a giant beetle a cockatrice a wolf a winter wolf cub a black light a lynx 3 panthers a leprechaun 2 quivering blobs 2 giant spiders a scorpion an iron piercer an ice vortex 5 gnome kings 3 dwarf mummies 3 ogres 2 owlbears a yeti a chickatrice 3 dingos a housecat 3 dwarf lords 2 blue jellies a dust vortex a gnome mummy 2 apes 2 human zombies a yellow light 2 imps a baby crocodile a wood nymph 2 Uruk-hai a rock piercer a pony 2 shriekers a violet fungus 8 gnome lords 7 gnomish wizards a golden naga hatchling a guardian naga hatchling 3 gray oozes 3 ghouls 2 straw golems 2 paper golems 4 giant ants 2 puppies 2 floating eyes 3 kittens 18 dwarves 2 homunculi 8 quasits 2 kobold lords 2 kobold shamans 2 iguanas 6 rothes 5 rabid rats 4 jitterbugs 2 giant bats 4 orc zombies 3 dwarf zombies a wererat a werejackal 2 coyotes a gas spore 12 hobbits 5 acid blobs 2 large kobolds 4 geckos 3 hobgoblins 2 giant rats 3 cave spiders 6 yellow molds 3 green molds 3 red molds 35 gnomes 4 garter snakes 2 manes 4 gnome zombies 4 jackals 4 foxes 5 kobolds 6 newts 4 goblins 7 sewer rats 9 grid bugs 10 bats 11 lichens 4 kobold zombies 329 creatures vanquished. Voluntary challenges: You did not cause conflict. You did not have reflection. You were not displaced. You had been an atheist until turn 2139. You used a wielded weapon 3 times, starting on turn 9208. You did not apply a unicorn horn. You did not use plumbed fixtures. You did not drink any magical draughts. You read items or engraved 3 times, starting on turn 2138. You never genocided any monsters. You never polymorphed an object. You changed form 1 time, starting on turn 7964. You completed Sokoban on turn 4606, according to the rules. You used no wishes. You never split a pudding. You never wrote Elbereth's name. You never violated your personal moral code. Dungeon overview: The Dungeons of Doom: levels 1 to 12 Level 1 some fountains a long staircase Level 2 a fountain Level 3 a weapon shop, a fountain Level 4 a fountain stairs to The Gnomish Mines Level 5 (water) a potion shop Level 6 many fountains Level 7 stairs to Sokoban Level 8 a fountain Level 9 Level 10 a fountain Level 11 Level 12 <- You were here The Gnomish Mines: levels 5 to 13 Level 5 stairs to The Dungeons of Doom Level 6 Level 7 (magic lamp) many shops, a temple to Offler, a magic chest, some fountains Level 8 Level 9 Level 10 Level 11 Level 12 Level 13 a magic chest, a fountain Sokoban: levels 3 to 6 Level 3 a magic chest Level 4 Level 5 Level 6 an altar to Blind Io, a magic chest stairs to The Dungeons of Doom History has recorded: On T:1 you entered the Dungeons of Doom to retrieve the Amulet of Yendor! On T:27 you reached level 2 of The Dungeons of Doom. On T:316 you reached level 3 of The Dungeons of Doom. On T:369 you advanced to experience level 2. On T:736 you advanced to experience level 3. On T:794 you reached level 4 of The Dungeons of Doom. On T:981 you reached level 5 of The Dungeons of Doom. On T:1117 you reached level 1 of The Gnomish Mines. On T:1250 you advanced to experience level 4. On T:1468 you reached level 6 of The Dungeons of Doom. On T:1650 you advanced to experience level 5. On T:1719 you reached level 7 of The Dungeons of Doom. On T:2050 you reached level 4 of Sokoban. On T:2081 you advanced to experience level 6. On T:2136 you opened a magic chest. On T:2392 you reached level 3 of Sokoban. On T:3056 you reached level 2 of Sokoban. On T:3725 you reached level 1 of Sokoban. On T:3749 you advanced to experience level 7. On T:4606 you advanced to experience level 8. On T:4606 you entered the Sokoban zoo. On T:5045 you reached level 2 of The Gnomish Mines. On T:5051 you prayed to The Lady. On T:5463 you reached level 3 of The Gnomish Mines. On T:5610 you entered the Minetown temple On T:5963 you reached level 4 of The Gnomish Mines. On T:5989 you reached level 5 of The Gnomish Mines. On T:6404 you advanced to experience level 9. On T:6429 you reached level 7 of The Gnomish Mines. On T:6463 you reached level 8 of The Gnomish Mines. On T:6527 you reached level 9 of The Gnomish Mines. On T:6527 you reached the bottom of the Mines. On T:7732 you reached level 6 of The Gnomish Mines. On T:8235 you prayed to The Lady. On T:8993 you prayed to The Lady. On T:9439 you reached level 8 of The Dungeons of Doom. On T:9439 you advanced to experience level 11. On T:9549 you reached level 9 of The Dungeons of Doom. On T:9745 you reached level 10 of The Dungeons of Doom. On T:10072 you reached level 11 of The Dungeons of Doom. On T:10504 you reached level 12 of The Dungeons of Doom. Score breakdown: Gold: 836 ( 83 points) Experience: 11 levels ( 1000 points) Exploration: 13 levels ( 360 points) Discoveries: 36 items ( 1800 points) Variety of kills: 104 monsters ( 2000 points) Major goal: Sokoban/Mines ( 1500 points) Survival: died (score multiplied by 3) Total score: 20229 Latest messages: The 3rd dart hits the ogre! The dog misses the jaguar. You throw 2 darts. The 1st dart hits the ogre! The 2nd dart hits the ogre! You kill the ogre! The dog bites the jaguar. The ogre swings her club at you. The ogre hits you! The jaguar claws you! (2x) The jaguar bites! The dog bites the jaguar. You throw 2 darts. The 1st dart hits the jaguar! The 2nd dart hits the jaguar! The dog misses the jaguar. The ogre swings her club at you. The ogre hits you! The jaguar claws you! (2x) The jaguar misses. The dog misses the jaguar. The jaguar claws you! You die... The bag of holding is empty. The bag of holding is empty. Final status: Aloha woodfighter the Tourist, killed by a jaguar... You died in The Dungeons of Doom on dungeon level 12 with 20229 points, and 1164 pieces of gold, after 10509 moves. You were level 11 with a maximum of 63 hit points when you died.